 Seeded DCSS version 0.26.1-10-gdfb7c7de75 (webtiles) character file.

Game seed: 13435453013147752700 (custom seed)

5096 wilfster70 the Frost Mage (level 10, -10/74 HPs)
             Began as a Gnoll Ice Elementalist on Apr 10, 2021.
             Was a Believer of Ashenzari.
             Mangled by a red ugly thing (11 damage)
             ... on level 11 of the Dungeon.
             The game lasted 00:21:19 (7885 turns).

wilfster70 the Frost Mage (Gnoll Ice Elementalist)  Turns: 7885, Time: 00:21:20

Health: -10/74     AC:  5    Str: 10    XL:     10   Next: 57%
Magic:  15/21      EV: 16    Int: 23    God:    Ashenzari [**....]
Gold:   587        SH:  5    Dex: 17    Spells: 14/23 levels left

rFire    + + .     SeeInvis .   a - +9 falchion "Bisade" {vorpal, rElec Int+3} (curse)
rCold    . . .     Faith    .   (no shield)
rNeg     . . .     Spirit   .   y - +2 leather armour {rF+}
rPois    .         Reflect  +   (no helmet)
rElec    +         Harm     .   (no cloak)
rCorr    .         Rampage  .   (no gloves)
Will     .....                  (no boots)
Stlth    ++++......             b - amulet of reflection
HPRegen  0.22/turn              g - ring of protection from fire
MPRegen  0.17/turn              w - ring of stealth

@: no status effects
A: distributed training, fangs 1, strong nose
a: Renounce Religion, Curse Item, Scrying


You were on level 11 of the Dungeon.
You worshipped Ashenzari.
Ashenzari was pleased with you.
You visited 1 branch of the dungeon, and saw 11 of its levels.

You collected 587 gold pieces.

Inventory:

Hand Weapons
 a - the cursed +9 falchion "Bisade" (weapon) {vorpal, rElec Int+3}
   (You found it on level 6 of the Dungeon)

   It inflicts extra damage upon your enemies.
   It affects your intelligence (+3).
   It insulates you from electricity.
   It has a curse placed upon it.
Missiles
 p - 24 poisoned darts
 A - 2 datura-tipped darts
Armour
 y - a +2 leather armour of fire resistance (worn)
Jewellery
 b - an amulet of reflection (around neck)
 g - a ring of protection from fire (left hand)
 w - a ring of stealth (right hand)
Wands
 o - a wand of random effects (11)
 C - a wand of polymorph (5)
Scrolls
 c - 2 scrolls of teleportation
 i - a scroll of enchant weapon {unknown}
 j - 2 scrolls of amnesia {unknown}
 l - a scroll of random uselessness {unknown}
 m - 2 scrolls of fear {unknown}
 s - 3 scrolls of blinking {unknown}
 t - 5 scrolls of remove curse
 u - 2 scrolls of magic mapping
 v - 2 scrolls of immolation {unknown}
Potions
 d - 3 potions of haste {unknown}
 e - 4 potions of might
 f - 2 potions of brilliance
 h - a potion of mutation {unknown}
 k - a potion of cancellation {unknown}
 n - a potion of lignification
 q - 2 potions of flight
 r - 3 potions of heal wounds {unknown}
 x - a potion of curing {unknown}
 z - 2 potions of invisibility {unknown}
 B - a potion of ambrosia {unknown}


   Skills:
 + Level 5.4 Fighting
 + Level 5.4 Short Blades
 + Level 5.4(7.7) Long Blades
 + Level 5.4 Axes
 + Level 5.4 Maces & Flails
 + Level 5.4 Polearms
 + Level 5.4 Staves
 + Level 5.4 Slings
 + Level 5.4 Bows
 + Level 5.4 Crossbows
 + Level 5.4 Throwing
 + Level 5.4 Armour
 + Level 7.2 Dodging
 + Level 6.9 Stealth
 + Level 5.4 Shields
 + Level 5.4 Unarmed Combat
 + Level 7.4 Spellcasting
 + Level 4.4 Conjurations
 + Level 4.4 Hexes
 + Level 4.4 Summonings
 + Level 4.4 Necromancy
 + Level 4.4 Translocations
 + Level 4.4 Transmutations
 + Level 4.4 Fire Magic
 + Level 8.5 Ice Magic
 + Level 4.4 Air Magic
 + Level 4.4 Earth Magic
 + Level 4.4 Poison Magic
 + Level 5.9 Invocations
 + Level 5.4 Evocations


You had 14 spell levels left.
You knew the following spells:

 Your Spells              Type           Power        Failure   Level
a - Ozocubu's Armour      Ice            47%          1%          3
b - Frozen Ramparts       Ice            94%          1%          3
c - Freeze                Ice            100%         1%          1
d - Call Imp              Summ           29%          2%          2

Your spell library contained the following spells:

 Spells                   Type           Power        Failure   Level
 Magic Dart               Conj           100%         1%          1
 Blink                    Tloc           N/A          2%          2
 Slow                     Hex            29%          2%          2
 Conjure Flame            Conj/Fire      29%          4%          3
 Mephitic Cloud           Conj/Pois/Air  29%          4%          3
 Hailstorm                Conj/Ice       38%          7%          4
 Summon Ice Beast         Ice/Summ       38%          7%          4


Dungeon Overview and Level Annotations

Branches:
Dungeon (11/15)            Temple (0/1) D:6
   Lair: D:8-11         Orc: D:9-12

Altars:
Ashenzari
Hepliaklqana
Nemelex Xobeh
Okawaru

Shops:
D:8 :

Annotations:
D:6 2 transporters, Sassenached's ghost, novice SpWn


Innate Abilities, Weirdness & Mutations

Your experience applies equally to all skills.
You have very sharp teeth.
Your uncanny sense of smell can sniff out nearby items.


Message History

You hit the red ugly thing.
The red ugly thing is heavily wounded.
The wall freezes the red ugly thing!
The red ugly thing tentacle-slaps you!
* * * LOW HITPOINT WARNING * * *
You are engulfed in flames!
You resist.
* * * LOW HITPOINT WARNING * * *
You closely miss the red ugly thing.
The red ugly thing is severely wounded.
The wall freezes the red ugly thing.
The red ugly thing tentacle-slaps you!
* * * LOW HITPOINT WARNING * * *
You are engulfed in flames!
You resist.
* * * LOW HITPOINT WARNING * * *
Okay, then.
Unknown command.
Unknown command.
Okay, then.
Your frozen ramparts will break if you move.
Continue?
The frozen ramparts melt away as you move.
The red ugly thing tentacle-slaps you!
You die...

*#..# , ,*,,
, #..#, #..#
#..# ,, #..#
#..+ , #..#
#..# #..#
#..# , ,
#..###..#
#....u..#∆,,,
#....@.>#∆,,
#<......# , ,
#.......# , ,
#.......#, ,
#.?.....#, *
#.......#, ,
* #.......#
,, #.......#
#.......#


You could see a red ugly thing.

Vanquished Creatures
  An unseen horror (D:10)
  Eustachio (D:5)
  9 yaks (D:9)
  Menkaure (D:6)
  An ice beast (D:5)
  A sky beast (D:9)
  3 orc warriors
  A phantom (D:7)
  3 ogres
  A centaur (D:8)
  2 big kobolds (D:7)
  3 bullfrogs
  6 scorpions
  6 killer bees (D:4)
  5 wights (D:7)
  3 howler monkeys
  A bullfrog zombie (D:9)
  A hound (D:5)
  A jelly (D:6)
  A centaur skeleton (D:4)
  9 orc priests
  4 orc wizards
  2 bullfrog skeletons
  Ijyb (D:3)
  2 worker ants (D:5)
  A hound skeleton (D:4)
  3 gnolls (D:3)
  13 adders
  2 white imps
  2 adder skeletons
  2 worms
  2 dart slugs (D:2)
  3 leopard geckos
  21 orcs
  3 ball pythons
  5 bats
  3 giant cockroaches
  5 goblins
  4 hobgoblins
  10 jackals
  16 kobolds
  4 quokkas
  5 frilled lizards
  7 rats
180 creatures vanquished.

Notes
Turn   | Place    | Note
-------+----------+-------------------------------------------
     0 | D:1      | wilfster70 the Gnoll Ice Elementalist began the quest for
                  | the Orb.
     0 | D:1      | Reached XP level 1. HP: 13/13 MP: 6/6
    64 | D:1      | Found a broken altar of Ashenzari.
    68 | D:1      | Became a worshipper of Ashenzari the Shackled
   386 | D:2      | Reached XP level 2. HP: 19/19 MP: 3/7
   959 | D:1      | Reached skill level 5 in Spellcasting
   959 | D:1      | Reached XP level 3. HP: 23/25 MP: 5/9
   998 | D:1      | Learned a level 3 spell: Frozen Ramparts
  1002 | D:1      | Learned a level 3 spell: Ozocubu's Armour
  1121 | D:2      | Reached skill level 1 in Invocations
  1340 | D:2      | Reached skill level 1 in Fighting
  1340 | D:2      | Reached skill level 1 in Short Blades
  1340 | D:2      | Reached skill level 1 in Long Blades
  1340 | D:2      | Reached skill level 1 in Axes
  1340 | D:2      | Reached skill level 1 in Maces & Flails
  1340 | D:2      | Reached skill level 1 in Polearms
  1340 | D:2      | Reached skill level 1 in Staves
  1340 | D:2      | Reached skill level 1 in Slings
  1340 | D:2      | Reached skill level 1 in Bows
  1340 | D:2      | Reached skill level 1 in Crossbows
  1340 | D:2      | Reached skill level 1 in Throwing
  1340 | D:2      | Reached skill level 1 in Armour
  1340 | D:2      | Reached skill level 1 in Shields
  1340 | D:2      | Reached skill level 1 in Unarmed Combat
  1340 | D:2      | Reached skill level 1 in Evocations
  1498 | D:2      | Reached XP level 4. HP: 30/32 MP: 8/11
  1746 | D:3      | Reached skill level 1 in Conjurations
  1746 | D:3      | Reached skill level 1 in Hexes
  1746 | D:3      | Reached skill level 1 in Summonings
  1746 | D:3      | Reached skill level 1 in Necromancy
  1746 | D:3      | Reached skill level 1 in Translocations
  1746 | D:3      | Reached skill level 1 in Transmutations
  1746 | D:3      | Reached skill level 1 in Fire Magic
  1746 | D:3      | Reached skill level 1 in Air Magic
  1746 | D:3      | Reached skill level 1 in Earth Magic
  1746 | D:3      | Reached skill level 1 in Poison Magic
  1960 | D:3      | Noticed Ijyb
  1969 | D:3      | Killed Ijyb
  1970 | D:3      | Reached XP level 5. HP: 36/37 MP: 8/12
  2198 | D:3      | Found a sparkling altar of Nemelex Xobeh.
  2421 | D:4      | Found an iron altar of Okawaru.
  2447 | D:4      | Reached XP level 6. HP: 34/44 MP: 9/14
  2450 | D:4      | Learned a level 2 spell: Call Imp
  2519 | D:4      | Found a hazy altar of Hepliaklqana.
  2549 | D:4      | Reached skill level 5 in Dodging
  2553 | D:4      | Reached XP level 7. HP: 40/50 MP: 12/15
  3107 | D:4      | Reached skill level 5 in Stealth
  3937 | D:5      | Entered Level 5 of the Dungeon
  3996 | D:5      | Reached XP level 8. HP: 51/57 MP: 12/16
  4255 | D:5      | Noticed Eustachio
  4266 | D:5      | Killed Eustachio
  4399 | D:5      | Reached * piety under Ashenzari
  4588 | D:6      | Noticed a wraith
  4637 | D:6      | Found a transporter.
  4637 | D:6      | Noticed Sassenached's ghost (novice SpWn)
  4655 | D:6      | Found a transporter.
  4682 | D:6      | Found a staircase to the Ecumenical Temple.
  4819 | D:6      | Got the falchion "Bisade" {vorpal, rElec Int+3}
  4821 | D:6      | Identified the +9 falchion "Bisade" {vorpal, rElec Int+3}
                  | (You found it on level 6 of the Dungeon)
  4983 | D:6      | Noticed Menkaure
  4988 | D:6      | Killed Menkaure
  5238 | D:7      | Reached XP level 9. HP: 65/65 MP: 14/18
  5894 | D:7      | Reached skill level 8 in Ice Magic
  6907 | D:8      | Found Xopteit's Book Boutique.
  7282 | D:8      | Got the uncursed robe "Umacvyng" {Rampage rN+ Str+3}
  7293 | D:8      | Identified the +1 robe "Umacvyng" {Rampage rN+ Str+3} (You
                  | found it on level 8 of the Dungeon)
  7560 | D:9      | Reached skill level 5 in Invocations
  7578 | D:9      | Reached XP level 10. HP: 61/73 MP: 14/20
  7630 | D:9      | Reached skill level 5 in Fighting
  7630 | D:9      | Reached skill level 5 in Short Blades
  7630 | D:9      | Reached skill level 5 in Long Blades
  7630 | D:9      | Reached skill level 5 in Axes
  7630 | D:9      | Reached skill level 5 in Maces & Flails
  7630 | D:9      | Reached skill level 5 in Polearms
  7630 | D:9      | Reached skill level 5 in Staves
  7630 | D:9      | Reached skill level 5 in Slings
  7630 | D:9      | Reached skill level 5 in Bows
  7630 | D:9      | Reached skill level 5 in Crossbows
  7630 | D:9      | Reached skill level 5 in Throwing
  7630 | D:9      | Reached skill level 5 in Armour
  7630 | D:9      | Reached skill level 5 in Shields
  7630 | D:9      | Reached skill level 5 in Unarmed Combat
  7630 | D:9      | Reached skill level 5 in Evocations
  7658 | D:10     | Entered Level 10 of the Dungeon
  7726 | D:10     | Killed an unseen horror
  7829 | D:10     | Reached ** piety under Ashenzari
  7869 | D:11     | Noticed a red ugly thing
  7882 | D:11     | HP: 1/74 [red ugly thing (7)]
  7885 | D:11     | Mangled by a red ugly thing

Illustrated notes

Levels and vault maps discovered:
D:1:      giann_forest_graveyard, layout_rooms, serial_curves, eino_curves_03,
          eino_curves_03, hangedman_abyss_or_decor_stabs,
          nicolae_ashenzari_panopticon
D:2:      layout_rooms
D:3:      layout_basic, chequers_decorated_corner, nemelex_spade_bored_becter,
          uniq_ijyb
D:4:      layout_loops_ring, nicolae_overflow_hidden_temple, okawaru_gym_becter
D:5:      layout_rooms, uniq_eustachio
D:6:      layout_loops_ring, minmay_temple_entry_sparse_star,
          gammafunk_ghost_mausoleum, uniq_menkaure
D:7:      layout_basic
D:8:      layout_loops_corners, serial_shops,
          nicolae_shop_temple_entry_statues_fountains
D:9:      layout_basic, serial_curves, eino_curves_02, eino_curves_01
D:10:     layout_irregular_city, grunt_lair_entry_orc_guard_hut
D:11:     layout_stronghold, nicolae_trove_entry_diagonal,
          lemuel_flamethrower_hall, uniq_nergalle

Skill      XL: |  1  2  3  4  5  6  7  8  9 10 |
---------------+-------------------------------+-----
Spellcasting   | 5 6 7 |  7.4
Invocations    | 1 2 3 4 5 |  5.9
Fighting       | 1 2 3 4 5 |  5.4
Short Blades   | 1 2 3 4 5 |  5.4
Long Blades    | 1 2 3 4 5 |  5.4
Axes           | 1 2 3 4 5 |  5.4
Maces & Flails | 1 2 3 4 5 |  5.4
Polearms       | 1 2 3 4 5 |  5.4
Staves         | 1 2 3 4 5 |  5.4
Slings         | 1 2 3 4 5 |  5.4
Bows           | 1 2 3 4 5 |  5.4
Crossbows      | 1 2 3 4 5 |  5.4
Throwing       | 1 2 3 4 5 |  5.4
Armour         | 1 2 3 4 5 |  5.4
Shields        | 1 2 3 4 5 |  5.4
Unarmed Combat | 1 2 3 4 5 |  5.4
Evocations     | 1 2 3 4 5 |  5.4
Conjurations   | 1 2 3 4 |  4.4
Hexes          | 1 2 3 4 |  4.4
Summonings     | 1 2 3 4 |  4.4
Necromancy     | 1 2 3 4 |  4.4
Translocations | 1 2 3 4 |  4.4
Transmutations | 1 2 3 4 |  4.4
Fire Magic     | 1 2 3 4 |  4.4
Air Magic      | 1 2 3 4 |  4.4
Earth Magic    | 1 2 3 4 |  4.4
Poison Magic   | 1 2 3 4 |  4.4
Dodging        | 5 6 7 |  7.2
Stealth        | 5 6 |  6.9
Ice Magic      | 8 |  8.5

Action                   |  1- 3 |  4- 6 |  7- 9 | 10-12 || total
-------------------------+-------+-------+-------+-------++-------
Melee: Short sword       |    22 |    24 |       |       ||    46
       Spear             |       |    32 |   103 |       ||   135
       Punch             |       |     2 |     5 |     1 ||     8
       Bite              |       |     2 |    20 |     3 ||    25
       Falchion          |       |       |    88 |    32 ||   120
 Cast: Freeze            |    18 |       |       |       ||    18
       Frozen Ramparts   |     7 |    13 |    38 |     7 ||    65
       Ozocubu's Armour  |       |       |     4 |     1 ||     5
Invok: Curse Item        |       |       |     1 |       ||     1
Evoke: Wand              |       |       |     2 |       ||     2
  Use: Scroll            |       |     4 |     4 |       ||     8
       Potion            |       |       |     1 |       ||     1
 Stab: Sleeping          |     2 |     1 |    11 |     2 ||    16
Armor: Leather armour    |     4 |    10 |    26 |     8 ||    48
Dodge: Dodged            |    26 |    53 |   112 |    12 ||   203
Block: Other             |       |       |     6 |     3 ||     9
       Rpst.: Falchion   |       |       |     8 |     6 ||    14
